 Dungeon Crawl Stone Soup version 0.28.0-61-g67df4f89a8 (webtiles) character file.

Game seed: 12950959097988791449

48 AarnesTheHuman the Skirmisher (level 3, -1/33 HPs)
             Began as a Hill Orc Fighter on Feb 13, 2023.
             Slain by Sigmund
             ... wielding a +0 scythe
              (2 damage)
             ... on level 2 of the Dungeon.
             The game lasted 00:01:30 (1873 turns).

AarnesTheHuman the Skirmisher (Hill Orc Fighter)    Turns: 1873, Time: 00:01:30

Health: -1/33      AC:  7    Str: 20    XL:     3   Next: 72%
Magic:  3/3        EV:  9    Int:  8    God:
Gold:   117        SH:  0    Dex: 10    Spells: 2/2 levels left

rFire   . . .      SeeInvis .   a - +0 war axe
rCold   . . .      Faith    .   c - +0 buckler
rNeg    . . .      Spirit   .   b - +0 scale mail
rPois   .          Reflect  .   (no helmet)
rElec   .          Harm     .   q - scarf {+Inv}
rCorr   .          Rampage  .   (no gloves)
Will    .....                   (no boots)
Stlth   ..........              (no amulet)
HPRegen 0.11/turn               (no ring)
MPRegen 0.08/turn               (no ring)

@: confused, mighty
A: no striking features
a: Evoke Invisibility


You were on level 2 of the Dungeon.
You visited 1 branch of the dungeon, and saw 2 of its levels.

You collected 117 gold pieces.

Inventory:

Hand Weapons
 a - a +0 war axe (weapon)
Missiles
 i - 70 stones (quivered)
 k - 4 javelins
Armour
 b - a +0 scale mail (worn)
 c - a +0 buckler (worn)
 q - a scarf of invisibility (worn)
Scrolls
 e - a scroll of fear {unknown}
 f - a scroll of teleportation {unknown}
 j - a scroll of immolation {unknown}
 l - a scroll of holy word {unknown}
 n - a scroll of noise {unknown}
 o - a scroll of blinking {unknown}
 r - a scroll of identify {unknown}
Potions
 d - a potion of might
 g - a potion of brilliance {unknown}
 h - 2 potions of curing {unknown}
 m - a potion of haste {unknown}
 p - a potion of flight {unknown}


   Skills:
 + Level 4.0 Fighting
 * Level 3.9 Axes
 + Level 3.7 Armour
 + Level 3.7 Shields


You had 2 spell levels left.
You didn't know any spells.
Your spell library was empty.

Dungeon Overview and Level Annotations

Branches:
Dungeon (2/15)

Altars:

Annotations:
D:2 Sigmund


Message History

You hit Sigmund.
Sigmund is lightly wounded.
Sigmund points at you and mumbles some strange words.
You are confused.
You hit Sigmund but do no damage.
Sigmund is lightly wounded.
Sigmund casts a spell at you.
You are more confused.
Sigmund hits you with a +0 scythe!
You feel very mighty all of a sudden.
You closely miss Sigmund.
Sigmund is lightly wounded.
Sigmund closely misses you.
You miss Sigmund.
Sigmund is lightly wounded.
Sigmund hits you with a +0 scythe.
You slash Sigmund!
Sigmund is moderately wounded.
Sigmund closely misses you.
You miss Sigmund.
Sigmund is moderately wounded.
Sigmund closely misses you.
Sigmund says, "You will soon forget everything."
Sigmund gestures wildly while chanting.
Sigmund flickers and vanishes!
Deactivating autopickup; reactivate with Ctrl-A.
You bump into the rock wall.
Something hits you but does no damage.
You're too confused to move!
You feel less confused.
You hear some strange, mumbled words.
A puff of flame appears from out of thin air!
The puff of flame hits you.
You hear some strange, mumbled words.
You are confused.
You closely miss something. Something hits you!
* * * LOW HITPOINT WARNING * * *
You miss something. Something hits you.
* * * LOW HITPOINT WARNING * * *
You miss something. Something hits you.
You die...

########### #.........
#.#####.##
#######.......#
#.......###.#.###.#
#.#####.##.#....@.# #.#
#.#.###.#.#### #†# #.{##
##.....#
##.#####@..###.#.#..#
#...........#..#.#..#####
#..#####..##.#†..........
#..# #..###..##.###.###
#..# #.......##.# #...>
#..######.###..##.# #.###
#.........# ##..... ..#
#...##########.#### ###
#...# ###.....#


There were no monsters in sight!

Vanquished Creatures
  A worm (D:2)
  2 bats
  6 endoplasms
  2 giant cockroaches
  3 goblins (D:1)
  2 hobgoblins (D:1)
  8 jackals (D:2)
  A kobold (D:1)
  2 quokkas
  4 ball pythons
  4 frilled lizards (D:2)
  3 rats (D:2)
38 creatures vanquished.

Notes
Turn   | Place    | Note
-------+----------+-------------------------------------------
     0 | D:1      | AarnesTheHuman the Hill Orc Fighter began the quest for the
                  | Orb.
     0 | D:1      | Reached XP level 1. HP: 19/19 MP: 1/1
   295 | D:1      | Reached XP level 2. HP: 27/27 MP: 2/2
   487 | D:1      | Found a faded altar of an unknown god.
  1099 | D:2      | Reached XP level 3. HP: 31/33 MP: 3/3
  1248 | D:2      | Reached skill level 4 in Fighting
  1849 | D:2      | Noticed Sigmund
  1872 | D:2      | HP: 1/33 [something (4)]
  1873 | D:2      | Slain by Sigmund

Illustrated notes

Levels and vault maps discovered:
D:1:      onia_arrival_pyramid, layout_loops_corners,
          shapermc_ecumenical_altar_mp_vishouse, solitary_fountain,
          minmay_pentomino_q4
D:2:      layout_loops_ring, chequers_serial_rivers_small_3, uniq_sigmund

Skill      XL: |  1  2  3 |
---------------+----------+-----
Axes           | 3 |  3.9
Fighting       | 4 |  4.0
Armour         | |  3.7
Shields        | |  3.7

Action                   || total
-------------------------++-------
Melee: War axe           ||   121
  Use: Potion            ||     1
Armor: Scale mail        ||    69
Dodge: Dodged            ||    63
Block: Buckler           ||    29
